cohdb
Replays
Latest Replays
All Replays
Popular Replays
Top Player Replays
Match Explorer
How It Works
Community
CoH3 Stats
Reddit
Sign in to upload your games and track your stats! →
Sign in with Steam
Match 43695457
Unlisted
Match 43695457
Overview
Messages
Build Orders
End
Construct Barracks
Riflemen Squad
M1 Mortar Team
Riflemen Squad
Engineer Squad
Grenade Package
Riflemen Squad
Air Support Center
Infantry Support Center
Construct Medical Station
Construct Motor Pool
Selects Armored Battlegroup
Selects Veteran Crews
Selects Field Repairs
Riflemen Squad
M24 Chaffee Light Tank
Selects War Machine
M1918 Browning Automatic Rifles
Advanced Logistics
Field Repairs
Engineer Squad
Bish Bash Bosh
gicobiwolfe
MoriMusic
Penultimate Peacock
Kirbyt610
kscott2084
margnus17
This game made me racer. F CH*NA
0
0
Comments
sign in to comment!
No comments posted yet!